 Dungeon Crawl Stone Soup version 0.31-a0-278-g485e682e34 (webtiles) character file.

Game seed: 17112644838558523888

17043 IndexError the Grappler (level 12, -6/122 HPs)
             Began as a Troll Shapeshifter on July 16, 2023.
             Was a High Priest of Qazlal.
             Mangled by Snorg (9 damage)
             ... on level 12 of the Dungeon.
             The game lasted 00:22:50 (9918 turns).

IndexError the Grappler (Troll Shapeshifter)        Turns: 9918, Time: 00:22:50

Health: -6/122     AC: 10    Str: 31    XL:     12   Next: 15%
Magic:  17/17      EV:  9    Int:  8    God:    Qazlal [*****.]
Gold:   1063       SH: 12    Dex: 10    Spells: 11/11 levels left

rFire   + .          .
                       - Unarmed
rCold   . . .        (shield currently unavailable)
rNeg    . . .        P - +2 robe {rC+ rF+}
rPois   +            h - +2 hat of the Burning Gods {rC- Will+ Regen+ Str+5}
rElec   .            H - +0 cloak
rCorr   .            (gloves unavailable)
SInv    .            (boots unavailable)
Will    +....        K - amulet of reflection
Stlth   +            S - ring of poison resistance {rPois, !d}
HPRegen 2.00/turn    J - +4 ring of slaying
MPRegen 0.15/turn

%: repel missiles, reflection
@: blade hands, protected from physical damage
A: large, unfitting armour, claws 3, regeneration 1, shaggy fur 1, tough skin 1
a: Begin Untransformation, Renounce Religion, Upheaval, Elemental Force,
Disaster Area


You were on level 12 of the Dungeon.
You worshipped Qazlal.
Qazlal was extremely pleased with you.
You had blades for hands.
You visited 2 branches of the dungeon, and saw 15 of its levels.

You collected 1063 gold pieces.

Inventory:

Missiles
 E - 3 throwing nets {=f, !d}
Armour
 h - the +2 hat of the Burning Gods (worn) {rC- Will+ Regen+ Str+5}
   (You acquired it on level 8 of the Dungeon)

   Str:       It affects your strength (+5).
   rC:        It makes you vulnerable to cold.
   Regen:     It increases your rate of health regeneration.
   Will:      It increases your willpower.
 j - a +2 robe of willpower
   (You found it on level 7 of the Dungeon)
 H - a +0 cloak (worn)
   (You found it on level 4 of the Dungeon)
 P - a +2 robe of resistance (worn)
   (You took it off Blork the orc on level 6 of the Dungeon)
Magical Staves
 l - a staff of air {rElec}
   (You found it on level 7 of the Dungeon)
Jewellery
 n - a ring of flight {+Fly, !d}
   (You took it off a kobold demonologist on level 10 of the Dungeon)
 q - an amulet of guardian spirit {Spirit}
   (You found it on level 7 of the Dungeon)
 I - a ring of protection from cold {rC+, !d}
   (You found it on level 4 of the Dungeon)
 J - a +4 ring of slaying (right blade hand)
   (You found it on level 4 of the Dungeon)
 K - an amulet of reflection (around neck)
   (You found it on level 4 of the Dungeon)
 S - a ring of poison resistance (left blade hand) {rPois, !d}
   (You found it on level 9 of the Dungeon)
 U - a ring of protection from cold {rC+, !d}
   (You found it on level 10 of the Dungeon)
Talismans
 c - a beast talisman
 y - a serpent talisman
   (You found it on level 3 of the Dungeon)
 Q - a blade talisman
   (You found it on level 8 of the Dungeon)
Wands
 f - a wand of polymorph (5)
   (You found it on level 6 of the Dungeon)
 k - a wand of paralysis (7)
   (You found it on level 7 of the Dungeon)
 x - a wand of flame (40)
   (You took it off Ijyb on level 3 of the Dungeon)
 C - a wand of iceblast (18)
   (You found it on level 4 of the Dungeon)
 M - a wand of digging (1)
   (You found it on level 5 of the Dungeon)
 V - a wand of mindburst (9)
   (You found it on level 11 of the Dungeon)
Scrolls
 d - 10 scrolls of teleportation
 g - 2 scrolls of silence {unknown}
 m - a scroll of torment {!r}
 p - 2 scrolls of revelation
 r - a scroll of amnesia
 s - a scroll of immolation {!r}
 v - a scroll of vulnerability {!r!r}
 w - 3 scrolls of blinking {!r}
 A - a scroll of summoning {unknown}
 B - a scroll of fear
 D - 3 scrolls of fog
 L - 2 scrolls of enchant armour
 O - 2 scrolls of poison
 R - 4 scrolls of noise {unknown}
 T - 3 scrolls of enchant weapon {unknown}
 W - 2 scrolls of identify
Potions
 a - a potion of might
 b - 3 potions of lignification {!q}
 e - 2 potions of haste {unknown}
 i - 5 potions of heal wounds {unknown}
 o - a potion of enlightenment
 t - 2 potions of resistance {unknown}
 u - 3 potions of berserk rage {unknown}
 z - 3 potions of attraction {unknown}
 F - 4 potions of brilliance {unknown}
 G - 3 potions of curing {unknown}
 N - a potion of invisibility


   Skills:
 + Level 8.4 Fighting
 - Level 1.5 Dodging
 - Level 10.0 Unarmed Combat
 + Level 8.9 Invocations
 - Level 10.0 Shapeshifting


You had 11 spell levels left.
You didn't know any spells.
Your spell library contained the following spells:

 Spells                   Type           Power      Damage    Failure   Level
 Foxfire                  Conj/Fire      0%         2x1d4     82%         1
 Freeze                   Ice            0%         1d3       82%         1
 Shock                    Conj/Air       0%         1d3       82%         1
 Sublimation of Blood     Necr           0%         N/A       89%         2
 Wereblood                Tmut           0%         N/A       89%         2
 Frozen Ramparts          Ice            0%         1d1       98%         3
 Hailstorm                Conj/Ice       0%         3d3       98%         3
 Ozocubu's Armour         Ice            0%         N/A       98%         3
 Portal Projectile        Hex/Tloc       0%         N/A       98%         3
 Stone Arrow              Conj/Erth      0%         3d7       98%         3
 Swiftness                Air            0%         N/A       98%         3
 Tukima's Dance           Hex            0%         N/A       98%         3
 Airstrike                Air            0%         2d(0-16)  100%        4
 Anguish                  Hex/Necr       0%         N/A       100%        4
 Animate Armour           Summ/Erth      0%         N/A       100%        4
 Cause Fear               Hex            0%         N/A       100%        4
 Iskenderun's Mystic Bla  Conj/Tloc      0%         2d3       100%        4
 Manifold Assault         Tloc           0%         N/A       100%        4
 Petrify                  Tmut/Erth      0%         N/A       100%        4
 Metabolic Englaciation   Hex/Ice        0%         N/A       100%        5
 Dispersal                Tloc           0%         N/A       100%        6
 Plasma Beam              Fire/Air       0%         2x1d10    100%        6
 Simulacrum               Ice/Necr       0%         N/A       100%        6
 Starburst                Conj/Fire      0%         6d3       100%        6
 Enfeeble                 Hex            0%         N/A       100%        7
 Summon Hydra             Summ           0%         N/A       100%        7
 Disjunction              Tloc           0%         N/A       100%        8
 Lehudib's Crystal Spear  Conj/Erth      0%         10d2      100%        8


Dungeon Overview and Level Annotations

Branches:
Dungeon (13/15)            Temple (0/1) D:7            Lair (0/5) D:8
    Orc (2/2) D:10
    Elf: Orc:2       Vaults: D:13-14

Altars:
Cheibriados
Dithmenos
Elyvilon
Fedhas
Gozag
Hepliaklqana
Okawaru
Qazlal
Sif Muna
Trog
Uskayaw
Vehumet
Xom
Zin
The Shining One

Shops:
D:10 [(*   Orc:1 =   Orc:2 :

Annotations:
D:7 2 runed translucent doors
D:12 Snorg
D:13 Josephine


Innate Abilities, Weirdness & Mutations

You have blades for hands.
Your spellcasting is less reliable in this form.
You are incapable of wielding weapons or throwing items.
You are too large for most types of armour.
You have claws for hands.
Your natural rate of healing is unusually fast.
You are covered in fur. (AC +1)
You have tough skin. (AC +1)


Message History

You barely miss the vampire mosquito.
You hear a shout!
The vampire mosquito closely misses you.
You block the vampire mosquito's attack.
You slice the vampire mosquito!! Qazlal accepts your kill.
The vampire mosquito bites you but does no damage.
The vampire mosquito bites you.
The vampire mosquito draws strength from your injuries!
A slime creature comes into view. x2
You block the vampire mosquito's attack.
The vampire mosquito bites you.
The vampire mosquito draws strength from your injuries!
You take 10 damage, and have 110/120 hp.
You hit the vampire mosquito.
You block the vampire mosquito's attack. x2
A slime creature comes into view.
You closely miss the vampire mosquito.
The vampire mosquito bites you but does no damage.
The vampire mosquito is engulfed in blazing flames.
The vampire mosquito bites you but does no damage.
You block the vampire mosquito's attack.
The vampire mosquito is engulfed in blazing flames.
The vampire mosquito bites you!
The vampire mosquito draws strength from your injuries!
You take 6 damage, and have 105/120 hp.
You closely miss the vampire mosquito.
You hear an angry squeal.
You block the vampire mosquito's attack.
The vampire mosquito is engulfed in blazing flames.
Qazlal accepts your kill.
Snorg the Insatiable comes into view.
You regained 3 hp, and now have 108/122 hp.
You barely miss the vampire mosquito.
You hear an angry squeal.
The vampire mosquito barely misses you. x2
You regained 2 hp, and now have 110/122 hp.
You shred the vampire mosquito!!! Qazlal accepts your kill.
You hear an angry squeal. x2
You regained 2 hp, and now have 112/122 hp.
Two slime creatures merge to form a large slime creature.
You see here a vampire mosquito corpse.
You regained 2 hp, and now have 114/122 hp.
You barely miss the slime creature.
The slime creature is engulfed in freezing vapours.
You block the slime creature's attack.
You slash the slime creature!
The slime creature is engulfed in freezing vapours.
The slime creature hits you. Snorg bites you! You block Snorg's attack.
Snorg claws you.
You feel protected from physical attacks.
You take 17 damage, and have 98/122 hp.
You slice the slime creature!! Qazlal accepts your kill.
You block Snorg's attack. Snorg completely misses you.
You block Snorg's attack.
You regained 2 hp, and now have 100/122 hp.
You slice Snorg!! You closely miss Snorg. Your slash misses Snorg.
The large slime creature hits you!!
You feel more protected from physical attacks.
Snorg is engulfed in freezing vapours.
Snorg goes berserk!
You take 17 damage, and have 84/122 hp.
You closely miss Snorg.
You hear an angry squeal.
Snorg is engulfed in freezing vapours.
You block Snorg's attack. Snorg claws you!
You feel more protected from physical attacks.
Snorg barely misses you.
A large slime creature splits.
You take 9 damage, and have 75/122 hp.
You hear an angry squeal.
Snorg is engulfed in freezing vapours.
A wraith comes into view. x2
Snorg barely misses you. Snorg claws you!
You feel more protected from physical attacks.
You block Snorg's attack.
The slime creature is engulfed in freezing vapours.
The slime creature hits you but does no damage.
You hear an angry squeal.
There is a stone staircase leading up, spattered with blood here.
You take 13 damage, and have 62/122 hp.
Snorg is engulfed in freezing vapours.
You block Snorg's attack. Snorg closely misses you. Snorg claws you!
You feel more protected from physical attacks.
The slime creature hits you!
The slime creature is engulfed in freezing vapours.
You block the slime creature's attack.
You climb upwards.
There is a stone staircase leading down here.
You take 18 damage, and have 44/122 hp.
The slime creature attacks as you move away!
The slime creature hits you!
* * * LOW HITPOINT WARNING * * *
Snorg bites you!!
* * * LOW HITPOINT WARNING * * *
You block Snorg's attack. Snorg claws you!
* * * LOW HITPOINT WARNING * * *
You block the slime creature's attack. Snorg bites you!
You die...

#.# #.############
.............#
#.##########.# ###
#.# #.# #.#
#.##########.# #.#
.......(...#.###J#
..............§T>#
#.##...###.#..○J@#
#.##...# #.#####.#
#.###### #.# #.#
#.# #.# #.# #.#
#.# #.# #.## #.#
#.# ...#######.#
#.# ...'.......#
#.# .).#########
#.#


You could see Snorg (berserk) and 2 slime creatures.

Vanquished Creatures
  A boulder beetle (D:12)
  2 two-headed ogres
  A deep troll (Orc:1)
  2 ugly things
  An orc sorcerer (D:9)
  4 cyclopes
  3 gargoyles
  Maurice (D:12)
  2 kobold demonologists (D:10)
  4 trolls
  Grinder (D:6)
  Prince Ribbit (D:6)
  A slime creature (D:13)
  2 wyverns
  19 yaks
  A yak (shapeshifter) (D:11)
  A wraith (D:10)
  2 basilisks (D:8)
  5 vampire mosquitoes
  3 acid dragons
  A water moccasin (D:7)
  4 orc warriors
  3 sky beasts
  A black bear (D:6)
  8 ogres
  2 centaurs
  2 phantoms (D:6)
  6 kobold brigands
  Blork the orc (D:6)
  2 bullfrogs
  6 scorpions
  2 gnoll sergeants
  3 wights (D:8)
  11 killer bees
  4 howler monkeys
  3 jellies
  5 orc priests
  2 hounds
  Ijyb (D:3)
  Terence (D:3)
  2 orc wizards
  An iguana (D:5)
  13 gnolls
  7 adders
  A shadow imp (D:7)
  2 ufetubi (D:4)
  4 worms
  4 dart slugs
  32 orcs
  4 bats
  6 endoplasms
  3 giant cockroaches
  11 goblins
  10 hobgoblins
  3 jackals (D:4)
  4 quokkas
  6 ball pythons
  5 frilled lizards
  30 kobolds
  7 rats
280 creatures vanquished.

Vanquished Creatures (others)
  An ogre (D:7)
  A centaur (D:7)
  A bullfrog (D:7)
  A scorpion (D:7)
  An orc priest (D:7)
  2 orc wizards (D:7)
7 creatures vanquished.

Grand Total: 287 creatures vanquished

Notes
Turn   | Place    | Note
-------+----------+-------------------------------------------
     0 | D:1      | IndexError the Troll Shapeshifter began the quest for the
                  | Orb.
     0 | D:1      | Reached XP level 1. HP: 19/19 MP: 0/0
   133 | D:1      | Found a faded altar of an unknown god.
   201 | D:1      | Prayed at the altar of an unknown god.
   201 | D:1      | Became a worshipper of Qazlal Stormbringer
   201 | D:1      | Reached * piety under Qazlal
   238 | D:1      | Reached XP level 2. HP: 27/27 MP: 1/1
   363 | D:1      | Reached XP level 3. HP: 33/33 MP: 2/2
   729 | D:2      | Reached ** piety under Qazlal
   730 | D:2      | Reached skill level 3 in Unarmed Combat
  1455 | D:3      | Noticed Ijyb
  1460 | D:3      | HP: 8/33 [Ijyb/puff of flame (2)]
  1465 | D:3      | HP: 4/33 [Ijyb/+0 club (4)]
  1466 | D:3      | Killed Ijyb
  1467 | D:3      | Reached XP level 4. HP: 6/41 MP: 3/3
  1735 | D:3      | Reached skill level 4 in Shapeshifting
  1779 | D:3      | Noticed Terence
  1818 | D:3      | Killed Terence
  1819 | D:3      | Reached XP level 5. HP: 40/48 MP: 4/4
  1894 | D:3      | Reached skill level 4 in Unarmed Combat
  2373 | D:4      | Reached *** piety under Qazlal
  2568 | D:4      | Identified the +1 helmet of Canos {Int+4}
  2640 | D:4      | Reached XP level 6. HP: 48/55 MP: 5/5
  2869 | D:4      | Found a hide-covered altar of Uskayaw.
  2978 | D:5      | Entered Level 5 of the Dungeon
  3247 | D:5      | Reached skill level 5 in Unarmed Combat
  3247 | D:5      | Reached skill level 5 in Shapeshifting
  3539 | D:5      | Found an opulent altar of Gozag.
  3842 | D:5      | Found a glowing silver altar of Zin.
  3979 | D:6      | Noticed Blork the orc
  3987 | D:6      | Reached XP level 7. HP: 59/62 MP: 6/6
  4043 | D:6      | Killed Blork the orc
  4044 | D:6      | Reached skill level 6 in Unarmed Combat
  4147 | D:6      | Reached skill level 6 in Shapeshifting
  4226 | D:6      | Reached XP level 8. HP: 68/70 MP: 7/7
  4345 | D:6      | Reached skill level 7 in Unarmed Combat
  4398 | D:6      | Noticed Grinder
  4420 | D:6      | Killed Grinder
  4436 | D:6      | Noticed Prince Ribbit
  4448 | D:6      | Killed Prince Ribbit
  4449 | D:6      | Reached skill level 7 in Shapeshifting
  4579 | D:6      | Found a radiant altar of Vehumet.
  4584 | D:6      | Reached **** piety under Qazlal
  4757 | D:6      | Found a blossoming altar of Fedhas.
  4837 | D:7      | Found a shimmering altar of Xom.
  4847 | D:7      | Reached skill level 8 in Unarmed Combat
  4966 | D:7      | Reached XP level 9. HP: 62/76 MP: 8/8
  5278 | D:7      | Found a large runed translucent door.
  5278 | D:7      | Found a large runed translucent door.
  5278 | D:7      | Noticed a brown ugly thing
  5278 | D:7      | Noticed a cyclops
  5287 | D:7      | Found a large runed translucent door.
  5287 | D:7      | Found a large runed translucent door.
  5309 | D:7      | Found a staircase to the Ecumenical Temple.
  5336 | D:7      | Reached skill level 9 in Unarmed Combat
  5351 | D:7      | Reached skill level 8 in Shapeshifting
  5355 | D:7      | Noticed a gargoyle
  5359 | D:7      | Killed a gargoyle
  5501 | D:7      | Noticed a troll
  5504 | D:7      | Killed a troll
  5563 | D:7      | Killed a brown ugly thing
  5564 | D:7      | Reached skill level 10 in Unarmed Combat
  5564 | D:7      | Reached skill level 9 in Shapeshifting
  5573 | D:7      | Killed a cyclops
  5574 | D:7      | Reached XP level 10. HP: 85/85 MP: 9/9
  5727 | D:8      | Identified a scroll of acquirement
  5729 | D:8      | Acquired the +2 hat of the Burning Gods {rC- Will+ Regen+
                  | Str+5}
  5904 | D:8      | Reached ***** piety under Qazlal
  5922 | D:8      | Reached skill level 10 in Shapeshifting
  5927 | D:8      | Reached skill level 2 in Fighting
  5927 | D:8      | Reached skill level 1 in Invocations
  5946 | D:8      | Reached skill level 2 in Invocations
  5955 | D:8      | Reached skill level 3 in Fighting
  6010 | D:8      | Reached skill level 3 in Invocations
  6023 | D:8      | Found a staircase to the Lair.
  6074 | D:8      | Identified the +1 battleaxe of Teypax {drain, rElec Str+3
                  | Dex+3}
  6239 | D:8      | Identified the +8 short sword of Bread {antimagic, rElec
                  | rC+}
  6370 | D:8      | Found a bloodstained altar of Trog.
  6640 | D:9      | Found a shadowy altar of Dithmenos.
  6680 | D:9      | Noticed an orc sorcerer
  6693 | D:9      | Killed an orc sorcerer
  6694 | D:9      | Reached skill level 4 in Fighting
  6694 | D:9      | Reached skill level 4 in Invocations
  6829 | D:9      | Found a snail-covered altar of Cheibriados.
  7051 | D:9      | Found an iron altar of Okawaru.
  7063 | D:9      | Found a white marble altar of Elyvilon.
  7068 | D:9      | Found a hazy altar of Hepliaklqana.
  7097 | D:10     | Entered Level 10 of the Dungeon
  7146 | D:10     | Found Palias's Armour Shoppe.
  7146 | D:10     | Found a staircase to the Orcish Mines.
  7148 | D:10     | Found Qedgha's Weapon Shoppe.
  7205 | D:10     | Found a shimmering blue altar of Sif Muna.
  7225 | D:10     | Noticed a sixfirhy
  7227 | D:10     | Reached skill level 5 in Fighting
  7227 | D:10     | Reached skill level 5 in Invocations
  7235 | D:10     | Reached XP level 11. HP: 73/102 MP: 13/13
  7316 | D:10     | Found Zyozikk's Assorted Antiques.
  7418 | D:10     | Found a glowing golden altar of the Shining One.
  7530 | D:10     | Reached skill level 6 in Invocations
  7545 | D:10     | Reached skill level 6 in Fighting
  7891 | D:11     | Noticed a two-headed ogre
  8038 | Orc:1    | Entered Level 1 of the Orcish Mines
  8108 | Orc:1    | Found Eppawnu's Jewellery Shop.
  8401 | Orc:2    | Entered Level 2 of the Orcish Mines
  8401 | Orc:2    | Noticed a two-headed ogre
  8401 | Orc:2    | Noticed a two-headed ogre
  8401 | Orc:2    | Noticed an ogre mage
  8401 | Orc:2    | Noticed a two-headed ogre
  8401 | Orc:2    | Noticed a deep troll
  8401 | Orc:2    | Noticed a two-headed ogre
  8401 | Orc:2    | Noticed an ogre mage
  8401 | Orc:2    | Found Xegium Miso's Book Boutique.
  8402 | Orc:2    | Noticed a two-headed ogre
  8402 | Orc:2    | Noticed a two-headed ogre
  8403 | Orc:2    | Noticed a two-headed ogre
  8403 | Orc:2    | Killed a two-headed ogre
  8404 | Orc:2    | Noticed a deep troll
  8404 | Orc:2    | Noticed a two-headed ogre
  8411 | Orc:1    | Killed a deep troll
  8412 | Orc:1    | Reached skill level 7 in Invocations
  8550 | D:11     | Killed a two-headed ogre
  8576 | D:11     | Reached skill level 7 in Fighting
  8651 | D:11     | Identified the +4 flail of the Piercing Gods {pain, rN++
                  | Will+ Int+3 Dex-4}
  8791 | D:11     | Reached skill level 8 in Invocations
  9127 | D:12     | Noticed a boulder beetle
  9131 | D:12     | Killed a boulder beetle
  9357 | D:12     | Reached skill level 8 in Fighting
  9357 | D:12     | Reached XP level 12. HP: 102/119 MP: 17/17
  9698 | D:12     | Noticed Maurice
  9701 | D:12     | Killed Maurice
  9905 | D:13     | Noticed Snorg
  9916 | D:13     | Noticed Josephine
  9918 | D:12     | HP: 29/122 [slime creature (15)]
  9918 | D:12     | HP: 11/122 [Snorg (20)]
  9918 | D:12     | HP: 3/122 [Snorg (8)]
  9918 | D:12     | Mangled by Snorg

Illustrated notes

Levels and vault maps discovered:
D:1:      zaba_arrival_water, layout_loops_ring,
          ebering_ecumenical_altar_sacrificial, serial_glass, glass_columns_a,
          glass_columns_b, glass_columns_a
D:2:      layout_loops_ring
D:3:      layout_loops_cross, nicolae_concentric_dashed_squares_mild,
          kennysheep_generic_room_2, uniq_ijyb, uniq_terence
D:4:      layout_loops_ring, nicolae_uskayaw_suspiria, minmay_misc_feat_tiny
D:5:      layout_basic, pdpol_temple_overflow_zin_treasury_gozag_greed,
          nicolae_figureground_pulse
D:6:      layout_cave_pools, nicolae_overflow_hidden_temple,
          fedhas_altar_fruit_tree, minmay_fountain_box, uniq_prince_ribbit1,
          uniq_grinder, uniq_blork_the_orc
D:7:      nicolae_cairo_tiling_large_dashed, layout_rooms, xom_confusion_cloud,
          minmay_temple_entry_statues_fountains, minmay_hollow_rounded_squares
D:8:      corexii_shantytown, layout_rooms, general_overflow_altar,
          david_lair_generic, glass_columns_a, serial_park_tiny_pond
D:9:      layout_rooms, mainiacjoe_overflow_alcove_1,
          grunt_dithmenos_smoke_and_mirrors, minmay_overflow_temple_star_quad,
          minmay_librarian
D:10:     layout_small_grid, nicolae_sif_muna_condensation,
          nicolae_tso_carved_into_rock, orc_david_3, serial_shops,
          shop_fountains, minmay_misc_feat_rows, dk_noncrumbling_4
D:11:     layout_gridville
D:12:     layout_basic, uniq_maurice
D:13:     layout_loops_ring, ebering_ghost_disaster_area, serial_bayou_pond_d,
          nicolae_wooded_promenade, uniq_kirke, uniq_josephine, uniq_rupert,
          uniq_snorg
Orc:1:    layout_diamond_mine, serial_shops, shop
Orc:2:    st_orc_open, layout_caves

Skill      XL: |  1  2  3  4  5  6  7  8  9 10 11 |
---------------+----------------------------------+-----
Unarmed Combat | 3 4 5 6 8 10 | 10.0
Shapeshifting  | 4 5 6 7 9 10 | 10.0
Fighting       | 5 8 |  8.4
Invocations    | 5 8 |  8.9
Dodging        | |  1.5

Action                     |  1- 3 |  4- 6 |  7- 9 | 10-12 || total
---------------------------+-------+-------+-------+-------++-------
  Melee: Unarmed           |    88 |   118 |   131 |   293 ||   630
         Punch             |     2 |     2 |    10 |    12 ||    26
 Invoke: Disaster Area     |       |       |       |     1 ||     1
    Use: Potion            |       |       |     1 |       ||     1
         Scroll            |       |       |       |    17 ||    17
 Armour: Animal skin       |    25 |    28 |     4 |       ||    57
         Robe              |       |       |    19 |    47 ||    66
         Skin              |       |       |     5 |       ||     5
  Dodge: Dodged            |    16 |    52 |    34 |    78 ||   180
         Repelled          |       |       |       |     1 ||     1
  Block: Other             |     2 |    23 |    56 |   135 ||   216
         Reflection        |       |     2 |     2 |     6 ||    10
   Form: Anaconda          |       |     2 |       |     2 ||     4
         Beast             |       |     2 |       |     2 ||     4
                           |       |     1 |       |     1 ||     2
         Blade             |       |       |       |     1 ||     1

Table legend: (Time is in decaauts)
 A = Elapsed time spent in this place.
 B = Non-inter-level travel time spent in this place.
 C = Inter-level travel time spent in this place.
 D = Time resting spent in this place.
 E = Time spent auto-exploring this place.
 F = Levels seen in this place.
 G = Mean time per level.
                   A        B        C        D        E       F      G
               +--------+--------+--------+--------+--------+-----+--------+
         Total |   9852 |   8836 |   1016 |     21 |   7120 |  15 |  656.8 |
       Dungeon |   9374 |   8463 |    911 |     21 |   6797 |  13 |  721.1 |
  Orcish Mines |    477 |    372 |    105 |      0 |    323 |   2 |  238.5 |
               +--------+--------+--------+--------+--------+-----+--------+

Top non-repeatable levels by time:
     D:5: 1103 daAuts
    D:10: 912 daAuts
     D:4: 834 daAuts
     D:7: 803 daAuts
     D:6: 785 daAuts
     D:8: 757 daAuts
     D:3: 756 daAuts
    D:12: 739 daAuts
     D:2: 718 daAuts
     D:1: 708 daAuts
     D:9: 633 daAuts
    D:11: 608 daAuts
   Orc:1: 471 daAuts
    D:13: 14 daAuts
   Orc:2: 5 daAuts

Levels and vault maps discovered:
D:1:      zaba_arrival_water, layout_loops_ring,
          ebering_ecumenical_altar_sacrificial, serial_glass, glass_columns_a,
          glass_columns_b, glass_columns_a
D:2:      layout_loops_ring
D:3:      layout_loops_cross, nicolae_concentric_dashed_squares_mild,
          kennysheep_generic_room_2, uniq_ijyb, uniq_terence
D:4:      layout_loops_ring, nicolae_uskayaw_suspiria, minmay_misc_feat_tiny
D:5:      layout_basic, pdpol_temple_overflow_zin_treasury_gozag_greed,
          nicolae_figureground_pulse
D:6:      layout_cave_pools, nicolae_overflow_hidden_temple,
          fedhas_altar_fruit_tree, minmay_fountain_box, uniq_prince_ribbit1,
          uniq_grinder, uniq_blork_the_orc
D:7:      nicolae_cairo_tiling_large_dashed, layout_rooms, xom_confusion_cloud,
          minmay_temple_entry_statues_fountains, minmay_hollow_rounded_squares
D:8:      corexii_shantytown, layout_rooms, general_overflow_altar,
          david_lair_generic, glass_columns_a, serial_park_tiny_pond
D:9:      layout_rooms, mainiacjoe_overflow_alcove_1,
          grunt_dithmenos_smoke_and_mirrors, minmay_overflow_temple_star_quad,
          minmay_librarian
D:10:     layout_small_grid, nicolae_sif_muna_condensation,
          nicolae_tso_carved_into_rock, orc_david_3, serial_shops,
          shop_fountains, minmay_misc_feat_rows, dk_noncrumbling_4
D:11:     layout_gridville
D:12:     layout_basic, uniq_maurice
D:13:     layout_loops_ring, ebering_ghost_disaster_area, serial_bayou_pond_d,
          nicolae_wooded_promenade, uniq_kirke, uniq_josephine, uniq_rupert,
          uniq_snorg
Orc:1:    layout_diamond_mine, serial_shops, shop
Orc:2:    st_orc_open, layout_caves

Table legend: (Time is in decaauts)
 A = Elapsed time spent in this place.
 B = Non-inter-level travel time spent in this place.
 C = Inter-level travel time spent in this place.
 D = Time resting spent in this place.
 E = Time spent auto-exploring this place.
 F = Levels seen in this place.
 G = Mean time per level.
                   A        B        C        D        E       F      G
               +--------+--------+--------+--------+--------+-----+--------+
         Total |   9852 |   8836 |   1016 |     21 |   7120 |  15 |  656.8 |
       Dungeon |   9374 |   8463 |    911 |     21 |   6797 |  13 |  721.1 |
  Orcish Mines |    477 |    372 |    105 |      0 |    323 |   2 |  238.5 |
               +--------+--------+--------+--------+--------+-----+--------+

Top non-repeatable levels by time:
     D:5: 1103 daAuts
    D:10: 912 daAuts
     D:4: 834 daAuts
     D:7: 803 daAuts
     D:6: 785 daAuts
     D:8: 757 daAuts
     D:3: 756 daAuts
    D:12: 739 daAuts
     D:2: 718 daAuts
     D:1: 708 daAuts
     D:9: 633 daAuts
    D:11: 608 daAuts
   Orc:1: 471 daAuts
    D:13: 14 daAuts
   Orc:2: 5 daAuts

Table legend:
 A = Kills in this place as a percentage of kills in the entire game.
 B = Kills by you in this place as a percentage of kills by you in the entire game.
 C = Kills by friends in this place as a percentage of kills by friends in the entire game.
 D = Other kills in this place as a percentage of other kills in the entire game.
 E = Experience gained in this place as a percentage of experience gained in the entire game.
 F = Experience gained in this place divided by the number of levels of this place that you have seen.
                   A       B       C       D       E      F
               +-------+-------+-------+-------+-------+----------------------
         Total | 100.0 | 100.0 |   N/A |   N/A | 100.0 | 1623.2
       Dungeon |  97.1 |  97.1 |   N/A |   N/A |  90.7 | 1699.6
  Orcish Mines |   2.9 |   2.9 |   N/A |   N/A |   9.3 | 1126.5
               +-------+-------+-------+-------+-------+----------------------
